AoeStats
← Iguano Pop

Arabia

507915895Analyzed
1v1 RM · 12d ago on Sep 20, 2026· 29m 10s· 2 players
Game mode
Random Map
Map size
Tiny (2 player)
Population
200
Speed
Normal
Resources
Standard
Victory
Conquest
Starting age
Dark Age
Ending age
Imperial Age
RankedLock teamsTeams togetherTeam positionsShared explorationLock speedFull tech treeHidden civsTurbo modeCheats
Victory
Defeat
🇲🇽 Aztecs · Mexico
1351
+15
🇫🇷 Magyars · France
1330
-15
NIKTOU
6:23 Loom
9:09 Feudal Age
22:23 Castle Age
20:50 Fletching
21:53 Horse Collar
23:08 Padded Archer Armor
28:00 Elite Skirmisher
Iguano Pop
7:01 Loom
7:34 Loom
9:56 Feudal Age
10:37 Double-Bit Axe
18:06 Fletching
19:26 Padded Archer Armor
25:40 Castle Age
25:43 Crossbowman
26:21 Bodkin Arrow
27:13 Wheelbarrow
26:46 Gold Mining
28:32 Ballistics
29:36 Leather Archer Armor
Connection lost

Rejoining the realm…

Still unreachable

The connection could not be restored.

Session expired

The server has moved on; the page needs a fresh start.